 Dungeon Crawl Stone Soup version 0.26.1-11-gd32895ea62 (webtiles) character file.

Game seed: 9248519094760144354

833 KamiKatze the Ruffian (level 7, -6/60 HPs)
             Began as a Ghoul Fighter on July 11, 2021.
             Mangled by Duvessa
             ... wielding a +0 short sword
              (8 damage)
             ... on level 4 of the Dungeon.
             The game lasted 00:15:52 (3592 turns).

KamiKatze the Ruffian (Ghoul Fighter)               Turns: 3592, Time: 00:15:52

Health: -6/60      AC:  7    Str: 22    XL:     7   Next: 98%
Magic:  6/6        EV: 10    Int:  3    God:
Gold:   127        SH:  4    Dex:  8    Spells: 6/6 levels left

rFire    . . .     SeeInvis .     - Unarmed
rCold    + . .     Faith    .   t - +0 buckler
rNeg     + + +     Spirit   .   a - +0 scale mail
rPois    ∞         Reflect  .   (no helmet)
rElec    .         Harm     .   (no cloak)
rCorr    .         Rampage  .   (no gloves)
Will     +....                  (no boots)
Stlth    ..........             p - amulet of magic regeneration
HPRegen  0.00/turn              j - ring of willpower
MPRegen  0.35/turn              (no ring)

@: attractive
A: claws 1, cold resistance 1, negative energy resistance 3, inhibited
regeneration, torment resistance, unbreathing
a: no special abilities


You were on level 4 of the Dungeon.
You visited 1 branch of the dungeon, and saw 4 of its levels.

You collected 127 gold pieces.

Inventory:

Hand Weapons
 f - a +0 hunting sling
Missiles
 m - 121 stones (quivered)
Armour
 a - a +0 scale mail (worn)
 b - a +0 kite shield
 l - a +0 pair of gloves
 t - a +0 buckler (worn)
 x - a +0 chain mail
Jewellery
 j - a ring of willpower (left claw)
 p - an amulet of magic regeneration (around neck)
Wands
 c - a wand of paralysis (10)
 y - a wand of acid (13)
Scrolls
 e - a scroll of remove curse {unknown}
 g - a scroll of fog {unknown}
 o - a scroll of enchant armour {unknown}
 q - a scroll of immolation {unknown}
 r - a scroll of teleportation {unknown}
 s - 2 scrolls of magic mapping {unknown}
 v - a scroll of amnesia {unknown}
Potions
 d - 2 potions of magic
 u - 3 potions of brilliance


   Skills:
 + Level 4.8 Fighting
 + Level 4.1 Armour
 + Level 2.7 Dodging
 * Level 4.4 Shields
 * Level 5.5 Unarmed Combat
 + Level 1.5 Evocations


You had 6 spell levels left.
You didn't know any spells.
Your spell library contained the following spells:

 Spells                   Type           Power        Failure   Level
 Corona                   Hex            0%           83%         1
 Ensorcelled Hibernation  Hex/Ice        0%           93%         2
 Confusing Touch          Hex            0%           99%         3
 Dazzling Flash           Conj/Hex       0%           99%         3
 Tukima's Dance           Hex            0%           99%         3


Dungeon Overview and Level Annotations

Branches:
Dungeon (4/15)
 Temple: D:4-7

Altars:
Makhleb
Trog
The Shining One

Annotations:
D:4 Duvessa


Innate Abilities, Weirdness & Mutations

You thrive by killing the living.
You are immune to poison.
You have sharp fingernails.
Your flesh is cold resistant. (rC+)
You are immune to negative energy. (rN+++)
You do not regenerate when monsters are visible.
You are immune to unholy pain and torment.
You can survive without breathing.


Message History

Duvessa completely misses you.
You claw Duvessa!
Duvessa is severely wounded.
Duvessa misses you.
You barely miss Duvessa.
Duvessa is severely wounded.
Duvessa hits you with a +0 short sword!
* * * LOW HITPOINT WARNING * * *
Unknown command.
It was a potion of curing.
You feel better. You block Duvessa's attack.
Duvessa hits you with a +0 short sword!
* * * LOW HITPOINT WARNING * * *
It was a potion of berserk rage.
You cannot raise a blood rage in your lifeless body.
Duvessa completely misses you.
Unknown command.
It was a potion of attraction.
You feel attractive to monsters. Duvessa misses you.
Duvessa hits you with a +0 short sword!
You die...

########## .
#........# .......
#........# ...e...
#.......!# .......
#.......!# .......
#........##.......
#.......@.........
#.......e##.......
#..............##
#####.........######
#...............#
#.########.....#####
#.# #....###..)###
#.# #..###).....)##
#.# #..##...._...)#


You could see Duvessa (berserk).

Vanquished Creatures
  Sigmund (D:2)
  An ice beast (D:3)
  A scorpion (D:4)
  Dowan (D:4)
  A crimson imp (D:3)
  2 orc priests (D:3)
  2 orc wizards (D:3)
  Terence (D:2)
  3 adders (D:2)
  12 gnolls
  2 oozes (D:1)
  An adder skeleton (D:4)
  4 worms
  4 dart slugs
  2 leopard geckos
  18 orcs
  3 ball pythons
  13 bats
  7 giant cockroaches
  10 goblins
  9 hobgoblins
  5 jackals
  8 kobolds
  2 quokkas (D:2)
  2 frilled lizards
  7 rats
122 creatures vanquished.

Notes
Turn   | Place    | Note
-------+----------+-------------------------------------------
     0 | D:1      | KamiKatze the Ghoul Fighter began the quest for the Orb.
     0 | D:1      | Reached XP level 1. HP: 19/19 MP: 0/0
    71 | D:1      | Reached XP level 2. HP: 25/26 MP: 1/1
   213 | D:1      | Reached XP level 3. HP: 22/31 MP: 2/2
   340 | D:1      | Reached skill level 3 in Unarmed Combat
   481 | D:1      | Reached skill level 1 in Dodging
   704 | D:2      | Reached XP level 4. HP: 40/40 MP: 3/3
   736 | D:2      | Noticed Terence
   749 | D:2      | Killed Terence
   865 | D:2      | Found a glowing golden altar of the Shining One.
  1248 | D:2      | Noticed Sigmund
  1305 | D:2      | Killed Sigmund
  1306 | D:2      | Reached skill level 4 in Unarmed Combat
  1306 | D:2      | Reached XP level 5. HP: 43/46 MP: 4/4
  1306 | D:2      | Reached XP level 6. HP: 49/52 MP: 5/5
  2200 | D:3      | Reached XP level 7. HP: 46/60 MP: 6/6
  2238 | D:3      | Found a burning altar of Makhleb.
  2357 | D:3      | Reached skill level 5 in Unarmed Combat
  2416 | D:3      | Reached skill level 1 in Evocations
  3279 | D:4      | Noticed a moth of wrath
  3282 | D:4      | Found a bloodstained altar of Trog.
  3320 | D:4      | Got a crude shortbow
  3370 | D:4      | Noticed Dowan
  3370 | D:4      | Noticed Duvessa
  3428 | D:4      | Killed Dowan
  3590 | D:4      | HP: 2/60 [Duvessa/+0 short sword (13)]
  3592 | D:4      | Mangled by Duvessa

Illustrated notes

Levels and vault maps discovered:
D:1:      minmay_arrival_glassed_features, layout_rooms
D:2:      layout_basic, nicolae_tso_carved_into_rock, uniq_sigmund, uniq_terence
D:3:      layout_loops_ring, makhleb_grotto_becter
D:4:      layout_basic, tgw_trog, minmay_temple_entry_water_ring, hex_tiny,
          chequers_serial_rivers_small_3, uniq_blork_the_orc, uniq_duvessa,
          uniq_crazy_yiuf_cottage

Skill      XL: |  1  2  3  4  5  6  7 |
---------------+----------------------+-----
Unarmed Combat | 3 4 5 |  5.5
Dodging        | 1 2 |  2.7
Armour         | 3 4 |  4.1
Shields        | 3 4 |  4.4
Fighting       | 4 |  4.8
Evocations     | 1 |  1.5

Action                   |  1- 3 |  4- 6 |  7- 9 || total
-------------------------+-------+-------+-------++-------
Melee: Unarmed           |   146 |   140 |   175 ||   461
  Use: Potion            |       |     1 |     3 ||     4
       Scroll            |       |       |     4 ||     4
Armor: Scale mail        |    65 |    24 |    46 ||   135
Dodge: Dodged            |    36 |    34 |    62 ||   132
Block: Kite shield       |    66 |    62 |     5 ||   133
       Buckler           |       |       |    22 ||    22
